 Dungeon Crawl Stone Soup version 0.30.1-11-g7821555f0a (webtiles) character file.

Game seed: 8166385277501495135

18442 lonewolfV2 the Eye of the Storm (level 12, 0/145 HPs)
             Began as a Hill Orc Fighter on Nov 1, 2023.
             Was a Priest of Qazlal.
             Slain by a boulder beetle (11 damage)
             ... on level 12 of the Dungeon.
             The game lasted 00:23:01 (14396 turns).

lonewolfV2 the Eye of the Storm (Hill Orc Fighter) Turns: 14396, Time: 00:23:02

Health: 0/145      AC: 28    Str: 24    XL:     12   Next: 58%
Magic:  20/20      EV: 13    Int:  8    God:    Qazlal [***...]
Gold:   674        SH: 10    Dex: 10    Spells: 11/11 levels left

rFire   . . .        w - +2 flail (protect)
rCold   . . .        c - +0 buckler
rNeg    . . .        k - +4 ring mail
rPois   .            n - +2 helmet
rElec   .            q - +2 cloak
rCorr   .            (no gloves)
SInv    +            (no boots)
Will    .....        (no amulet) Stlth
                     d - ring "Gabban" {AC+4 Slay+2}
HPRegen 0.44/turn    v - ring of see invisible
MPRegen 0.17/turn

%: no passive effects
@: berserking (expiring), under a protective aura, slowed
A: no striking features
a: Renounce Religion, Upheaval, Elemental Force


You were on level 12 of the Dungeon.
You worshipped Qazlal.
Qazlal was most pleased with you.
You visited 2 branches of the dungeon, and saw 13 of its levels.
You also visited: Sewer.

You collected 674 gold pieces.

Inventory:

Hand Weapons
 a - a +0 war axe of flaming
 w - a +2 flail of protection (weapon)
Missiles
 s - 2 throwing nets (quivered)
Armour
 b - a +0 scale mail
 c - a +0 buckler (worn)
 k - a +4 ring mail (worn)
 n - a +2 helmet (worn)
 q - a +2 cloak (worn)
Jewellery
 d - the ring "Gabban" (left hand) {AC+4 Slay+2}
   (You acquired it on level 11 of the Dungeon)

   [ring of protection]

   AC:        It affects your AC (+4).
   Slay:      It affects your accuracy & damage with ranged weapons and melee
   (+2).
 j - a ring of magical power
 v - a ring of see invisible (right hand)
 B - a ring of willpower
Wands
 o - a wand of digging (3)
 y - a wand of iceblast (4)
 z - a wand of polymorph (24)
Scrolls
 g - 3 scrolls of amnesia
 m - 12 scrolls of teleportation
 r - 4 scrolls of fear
 A - a scroll of magic mapping
 F - a scroll of enchant armour
 G - a scroll of identify
Potions
 e - a potion of berserk rage
 h - 3 potions of attraction
 i - 3 potions of haste
 t - a potion of invisibility
 u - 3 potions of magic
 x - 4 potions of mutation
 D - 2 potions of brilliance


   Skills:
 - Level 6.5 Fighting
 - Level 2.6(6.0) Axes
 - Level 7.0(7.2) Maces & Flails
 + Level 9.3 Armour
 + Level 8.9 Dodging
 - Level 10.0 Shields
 - Level 11.0 Invocations
 - Level 6.0 Evocations


You had 11 spell levels left.
You didn't know any spells.
Your spell library contained the following spells:

 Spells                   Type           Power      Damage    Failure   Level
 Freeze                   Ice            0%         1d3       56%         1
 Slow                     Hex            0%         N/A       56%         1
 Confusing Touch          Hex            0%         N/A       91%         3
 Frozen Ramparts          Ice            0%         1d1       91%         3
 Hailstorm                Conj/Ice       0%         3d3       91%         3
 Portal Projectile        Hex/Tloc       0%         N/A       91%         3
 Tukima's Dance           Hex            0%         N/A       91%         3
 Vampiric Draining        Necr           0%         2d6       91%         3
 Vhi's Electric Charge    Tloc/Air       0%         N/A       91%         3
 Arcjolt                  Conj/Air       0%         1d10      100%        5
 Blade Hands              Tmut           0%         N/A       100%        5
 Summon Forest            Summ/Tloc      0%         N/A       100%        5
 Eringya's Noxious Bog    Tmut/Pois      0%         N/A       100%        6
 Plasma Beam              Fire/Air       0%         2x1d11    100%        6
 Summon Hydra             Summ           0%         N/A       100%        7


Dungeon Overview and Level Annotations

Branches:
Dungeon (12/15)            Temple (1/1) D:5            Lair (0/5) D:10
    Orc (0/2) D:9           Sewer (visited)

Altars:
Ashenzari
Cheibriados
Dithmenos
Elyvilon
Fedhas
Gozag
Hepliaklqana
Kikubaaqudgha
Makhleb
Nemelex Xobeh
Okawaru
Qazlal
Ru
Sif Muna
Trog
Uskayaw
Vehumet
Wu Jian
Xom
Yredelemnul
Zin
The Shining One

Shops:
D:3 (   D:6 *

Annotations:
D:10 3 runed translucent doors


Message History

The boulder beetle bites you but does no damage.
You hit the boulder beetle.
The boulder beetle is lightly wounded.
The yak snorts and paws the ground.
The boulder beetle bites you but does no damage.
You hit the boulder beetle.
The boulder beetle is lightly wounded.
The boulder beetle bites you.
* * * LOW HITPOINT WARNING * * *
You hit the boulder beetle.
The boulder beetle is lightly wounded.
The boulder beetle bites you!
* * * LOW HITPOINT WARNING * * *
You hit the boulder beetle.
The boulder beetle is moderately wounded.
The boulder beetle bites you!
* * * LOW HITPOINT WARNING * * *
You hit the boulder beetle.
The boulder beetle is moderately wounded.
The boulder beetle misses you.
You hit the boulder beetle but do no damage.
The boulder beetle is moderately wounded.
The boulder beetle barely misses you.
You hit the boulder beetle.
The boulder beetle is moderately wounded.
The yak snorts and paws the ground.
You block the boulder beetle's attack.
You barely miss the boulder beetle.
The boulder beetle is moderately wounded.
You block the boulder beetle's attack.
You hit the boulder beetle but do no damage.
The boulder beetle is moderately wounded.
The boulder beetle bites you but does no damage.
You thump the boulder beetle!
The boulder beetle is moderately wounded.
The boulder beetle closely misses you.
You sock the boulder beetle!
The boulder beetle is heavily wounded.
The boulder beetle bites you!
You die...

#.......# #..#
#.......# #.##
#....C..+ ###.#
#.......+ #...#
#.......# ##.###
#....u..##########..#
#.††.○###.........##
##)'p###..#########
#..YB@..## #########


You could see a boulder beetle, a wizard and a yak.

Vanquished Creatures
  6 two-headed ogres
  A boulder beetle (D:12)
  Amaemon (D:11)
  A deep elf pyromancer (D:11)
  2 ugly things (D:12)
  2 manticores (D:12)
  2 cyclopes
  An orange demon (D:11)
  A komodo dragon (D:11)
  2 trolls
  4 wyverns
  3 wraiths
  23 yaks
  A basilisk (D:10)
  3 steam dragons
  Edmund (D:4)
  3 acid dragons (D:11)
  3 water moccasins
  An ice beast (D:6)
  An orc warrior (D:10)
  4 sky beasts
  4 black bears
  2 ogres
  11 centaurs
  A kobold brigand (D:9)
  3 bullfrogs
  A gnoll sergeant (D:6)
  3 scorpions
  5 wights (D:6)
  7 killer bees
  5 howler monkeys
  3 hounds
  4 orc priests
  3 gnoll boudas
  2 jellies
  5 iguanas
  7 orc wizards
  17 gnolls
  8 adders
  5 river rats (Sewer)
  2 shadow imps
  2 white imps (D:7)
  An ufetubus (D:6)
  A worm (D:5)
  2 dart slugs
  33 orcs
  5 endoplasms
  11 giant cockroaches
  4 goblins
  9 hobgoblins
  6 jackals
  2 quokkas
  13 ball pythons
  6 bats
  7 frilled lizards
  15 kobolds
  17 rats
298 creatures vanquished.

Vanquished Creatures (collateral kills)
  A manticore (D:11)
1 creature vanquished.

Grand Total: 299 creatures vanquished

Notes
Turn   | Place    | Note
-------+----------+-------------------------------------------
     0 | D:1      | lonewolfV2 the Hill Orc Fighter began the quest for the
                  | Orb.
     0 | D:1      | Reached XP level 1. HP: 19/19 MP: 1/1
   171 | D:1      | Reached XP level 2. HP: 26/26 MP: 2/2
   191 | D:1      | Reached skill level 1 in Dodging
   496 | D:1      | Reached XP level 3. HP: 27/31 MP: 3/3
  1741 | D:3      | Found Zomiopt's Weapon Shoppe.
  1746 | D:3      | Reached XP level 4. HP: 39/39 MP: 4/4
  2125 | D:3      | Found a glowing drain.
  2143 | Sewer    | Entered a sewer
  2220 | Sewer    | Reached XP level 5. HP: 44/45 MP: 5/5
  3017 | D:4      | Found a white marble altar of Elyvilon.
  3037 | D:4      | Noticed a black bear
  3045 | D:4      | Killed a black bear
  3046 | D:4      | Reached skill level 5 in Armour
  3046 | D:4      | Reached XP level 6. HP: 46/51 MP: 6/6
  3445 | D:4      | Reached XP level 7. HP: 57/57 MP: 7/7
  3634 | D:4      | Reached skill level 5 in Dodging
  3703 | D:4      | Noticed Edmund
  3730 | D:4      | Killed Edmund
  4085 | D:5      | Entered Level 5 of the Dungeon
  4334 | D:5      | Reached XP level 8. HP: 62/64 MP: 8/8
  4482 | D:5      | Found a staircase to the Ecumenical Temple.
  4496 | Temple   | Entered the Ecumenical Temple
  4688 | Temple   | Became a worshipper of Qazlal Stormbringer
  4716 | D:5      | Reached skill level 1 in Maces & Flails
  5513 | D:6      | Found Tidgh's Assorted Antiques.
  5530 | D:6      | Reached skill level 5 in Fighting
  5683 | D:6      | Reached skill level 5 in Maces & Flails
  5703 | D:6      | Reached XP level 9. HP: 51/75 MP: 9/9
  6318 | D:6      | Reached * piety under Qazlal
  6460 | D:6      | Reached skill level 1 in Evocations
  7155 | D:7      | Reached skill level 5 in Shields
  7728 | D:8      | Reached XP level 10. HP: 78/84 MP: 10/10
  7759 | D:8      | Reached ** piety under Qazlal
  7826 | D:8      | Reached skill level 5 in Evocations
  7966 | D:8      | Identified the +5 long sword "Fubb" {heavy, Int+4 Dex+8}
  8322 | D:9      | Found a staircase to the Orcish Mines.
  8332 | D:9      | Reached skill level 1 in Invocations
  8502 | D:9      | Noticed a two-headed ogre
  8517 | D:9      | Killed a two-headed ogre
  8518 | D:9      | Reached skill level 4 in Invocations
  9073 | D:9      | Found a radiant altar of Vehumet.
  9347 | D:9      | Reached skill level 5 in Invocations
  9650 | D:9      | Found a hide-covered altar of Uskayaw.
  9679 | D:9      | Reached skill level 6 in Invocations
  9709 | D:9      | Reached skill level 7 in Invocations
  9718 | D:9      | Reached XP level 11. HP: 27/91 MP: 16/16
 10202 | D:10     | Entered Level 10 of the Dungeon
 10223 | D:10     | Found a runed translucent gate.
 10224 | D:10     | Found a runed translucent gate.
 10224 | D:10     | Found a runed translucent gate.
 10225 | D:10     | Noticed a brown ugly thing
 10225 | D:10     | Noticed a glowing orange brain
 10225 | D:10     | Noticed a red ugly thing
 10226 | D:10     | Noticed a purple ugly thing
 10226 | D:10     | Noticed a cyan ugly thing
 10256 | D:10     | Found a shimmering blue altar of Sif Muna.
 10436 | D:10     | Reached skill level 8 in Invocations
 10512 | D:10     | Found a flagged portal.
 10645 | D:10     | Reached skill level 9 in Invocations
 10682 | D:10     | Reached *** piety under Qazlal
 10855 | D:10     | Found a staircase to the Lair.
 11114 | D:11     | Noticed a manticore
 11138 | D:11     | Killed a manticore
 11139 | D:11     | Reached skill level 10 in Invocations
 11503 | D:11     | Noticed a cyclops
 11545 | D:11     | Killed a cyclops
 11546 | D:11     | Reached skill level 10 in Shields
 11633 | D:11     | Reached skill level 11 in Invocations
 12095 | D:11     | Noticed a two-headed ogre
 12106 | D:11     | Killed a two-headed ogre
 12198 | D:11     | Noticed a two-headed ogre
 12211 | D:11     | Killed a two-headed ogre
 12500 | D:11     | Noticed a deep elf pyromancer
 12509 | D:11     | Killed a deep elf pyromancer
 13166 | D:11     | Noticed Amaemon
 13180 | D:11     | Reached XP level 12. HP: 72/97 MP: 20/20
 13193 | D:11     | Killed Amaemon
 13522 | D:11     | Noticed a two-headed ogre
 13535 | D:11     | Killed a two-headed ogre
 13973 | D:11     | Identified a scroll of acquirement
 13973 | D:11     | Acquired the ring "Gabban" {AC+4 Slay+2}
 14052 | D:12     | Noticed a boulder beetle
 14125 | D:12     | Killed a boulder beetle
 14298 | D:12     | Noticed a two-headed ogre
 14302 | D:12     | Killed a two-headed ogre
 14310 | D:12     | Noticed a boulder beetle
 14311 | D:12     | Noticed a two-headed ogre
 14332 | D:12     | Killed a two-headed ogre
 14396 | D:12     | Slain by a boulder beetle

Illustrated notes

Levels and vault maps discovered:
D:1:      minmay_arrival_jagged, layout_loops_ring
D:2:      layout_basic
D:3:      layout_rooms, serial_shops, shop, portal_sewer_entry_e,
          chequers_serial_rivers_small_b
D:4:      layout_basic, mainiacjoe_overflow_tiny_flanked, uniq_edmund
D:5:      layout_basic, minmay_temple_entry_gardened_gates
D:6:      layout_basic, serial_shops, shop, minmay_misc_feat_pillars
D:7:      layout_loops_corners, columned_hall_lemuel
D:8:      layout_basic
D:9:      layout_cave_pools, nicolae_vehumet_altar_sigil,
          mainiacjoe_overflow_boulevard
D:10:     layout_rooms, nicolae_sif_muna_condensation, minmay_lair_entry_grove,
          ploomutoo_gammafunk_ghost_potion_laboratory, enter_bailey_2,
          minmay_liquid_box
D:11:     minmay_bubble_buster, layout_basic, uniq_amaemon
D:12:     kennysheep_treasure_stockpile, layout_rooms, minmay_misc_feat_enclosed
Temple:   eino_narrow_crystal_temple

Skill      XL: |  1  2  3  4  5  6  7  8  9 10 11 12 |
---------------+-------------------------------------+-----
Dodging        | 1 2 3 4 5 6 7 8 |  8.9
Armour         | 4 5 6 7 9 |  9.3
Maces & Flails | 5 7 |  7.0
Fighting       | 5 6 |  6.5
Evocations     | 4 6 |  6.0
Shields        | 6 8 10 | 10.0
Invocations    | 7 11 | 11.0
Axes           | |  2.6

Action                     |  1- 3 |  4- 6 |  7- 9 | 10-12 || total
---------------------------+-------+-------+-------+-------++-------
  Melee: War axe           |   139 |   213 |    40 |       ||   392
         Flail             |       |       |   381 |   702 ||  1083
 Invoke: Upheaval          |       |       |       |     3 ||     3
         Elemental Force   |       |       |       |     1 ||     1
  Evoke: Wand              |       |       |       |     8 ||     8
    Use: Scroll            |     6 |     2 |     7 |    12 ||    27
         Potion            |       |       |     1 |    20 ||    21
 Armour: Scale mail        |    54 |       |       |       ||    54
         Ring mail         |     6 |   134 |   267 |   491 ||   898
         Skin              |       |       |       |    16 ||    16
  Dodge: Dodged            |    77 |   163 |   318 |   463 ||  1021
  Block: Buckler           |    41 |    66 |   144 |   401 ||   652
